IL
NASHVILLE SOUNDS @ ROCHESTER RED WINGS
08/29/2048
 
TOP OF THE 1ST
Nashville Sounds batting - Pitching for Rochester Red Wings : RHP Bryan Hallman
Pitching: RHP Bryan Hallman
Batting: SHB Robert Santiago 0-0: Foul Ball, location: 2F
0-1: Ball
1-1: Called Strike
1-2: Ball
2-2: Ball
3-2: Base on Balls
Batting: RHB Yonetoshi Muranaka 0-0: Called Strike
0-1: Ball
1-1: Ball
2-1: Ball
3-1: Base on Balls
Robert Santiago to second
Batting: RHB Tim Cordle 0-0: Called Strike
0-1: Foul Ball, location: 2F
0-2: Ball
1-2: Foul Ball, location: 2F
1-2: Ball
2-2: Strikes out swinging
Batting: RHB David Herrera 0-0: Called Strike
0-1: Swinging Strike
0-2: Ball
1-2: Fly out, F8 (Flyball, 89M, EV 79.4 MPH)
Batting: LHB Tomas Segarra 0-0: Swinging Strike
0-1: Foul Ball, location: 2F
0-2: Foul Ball, location: 2F
0-2: Foul Ball, location: 2F
0-2: Strikes out swinging
Top of the 1st over - 0 runs, 0 hits, 0 errors, 2 left on base; Nashville 0 - Rochester 0
BOTTOM OF THE 1ST
Rochester Red Wings batting - Pitching for Nashville Sounds : RHP Danny Nsoah
Pitching: RHP Danny Nsoah
Batting: RHB Cyril Husson 0-0: Ball
1-0: Fly out, F7 (Flyball, 7, EV 91.2 MPH)
Batting: SHB Ian Thompson 0-0: Ball
1-0: Foul Ball, location: 2F
1-1: Ground out 4-3 (Groundball, 4S, EV 80.0 MPH)
Batting: LHB Chris Munguia 0-0: Ball
1-0: Reached on error, E6 (Groundball, 4MD, EV 106.9 MPH)
Batting: SHB Dan Morataya 0-0: Called Strike
Chris Munguia steals 2nd base (no throw)
0-1: SINGLE (Groundball, 34S, EV 72.5 MPH) (infield hit)
Chris Munguia to third
Batting: RHB Juan Espinoza 0-0: Ball
1-0: Ball
2-0: Ball
3-0: Called Strike
3-1: Called Strike
3-2: Ground out 4-3 (Groundball, 4, EV 84.4 MPH)
Bottom of the 1st over - 0 runs, 1 hit, 1 error, 2 left on base; Nashville 0 - Rochester 0
TOP OF THE 2ND
Nashville Sounds batting - Pitching for Rochester Red Wings : RHP Bryan Hallman
Batting: RHB Wade Diamond 0-0: Called Strike
0-1: Ball
1-1: Ground out 5-3 (Groundball, 56S, EV 70.6 MPH)
Batting: RHB Ryan Kinkead 0-0: Ball
1-0: Ball
2-0: Swinging Strike
2-1: Ball
3-1: Base on Balls
Batting: LHB Zachary DeLuca 0-0: Called Strike
0-1: Fielders Choice at 2nd, 5-4 (Groundball, 56, EV 90.6 MPH)
Batting: LHB Gregg Power 0-0: Called Strike
Zachary DeLuca steals 2nd base
0-1: Ball
1-1: Foul Ball, location: 2F
1-2: Foul Ball, location: 2F
1-2: Ball
2-2: Fly out, F7 (Flyball, 7, EV 91.9 MPH)
Top of the 2nd over - 0 runs, 0 hits, 0 errors, 1 left on base; Nashville 0 - Rochester 0
BOTTOM OF THE 2ND
Rochester Red Wings batting - Pitching for Nashville Sounds : RHP Danny Nsoah
Batting: SHB Manny Molina 0-0: Ground out U3 (Groundball, 3L, EV 100.0 MPH)
Batting: RHB Manuel Juarez 0-0: Foul Ball, location: 2F
0-1: Swinging Strike
0-2: Ball
1-2: Strikes out swinging
Batting: RHB Ryan Gautney 0-0: Called Strike
0-1: Ball
1-1: Ball
2-1: Swinging Strike
2-2: Ball
3-2: Ground out 5-3 (Groundball, 56, EV 80.0 MPH)
Bottom of the 2nd over - 0 runs, 0 hits, 0 errors, 0 left on base; Nashville 0 - Rochester 0
TOP OF THE 3RD
Nashville Sounds batting - Pitching for Rochester Red Wings : RHP Bryan Hallman
Batting: SHB Robert Santiago 0-0: Called Strike
0-1: Called Strike
0-2: Foul Ball, location: 2F
0-2: Foul Ball, location: 2F
0-2: Foul Ball, location: 2F
0-2: SINGLE (Groundball, 6M, EV 102.5 MPH) (infield hit)
Batting: RHB Yonetoshi Muranaka 0-0: Ball
Robert Santiago steals 2nd base
1-0: Ball
2-0: Ground out 5-3 (Groundball, 56, EV 109.4 MPH)
Batting: RHB Tim Cordle 0-0: Ball
1-0: Ground out 4-3 (Groundball, 4, EV 103.8 MPH)
Robert Santiago to third
Batting: RHB David Herrera 0-0: Swinging Strike
0-1: Swinging Strike
0-2: Strikes out swinging
Top of the 3rd over - 0 runs, 1 hit, 0 errors, 1 left on base; Nashville 0 - Rochester 0
BOTTOM OF THE 3RD
Rochester Red Wings batting - Pitching for Nashville Sounds : RHP Danny Nsoah
Batting: RHB Ratko Macura 0-0: Called Strike
0-1: Swinging Strike
0-2: Ball
1-2: Foul Ball, location: 2F
1-2: Ball
2-2: Ground out 3-1 (Groundball, 34, EV 105.6 MPH)
Batting: RHB Cyril Husson 0-0: Called Strike
0-1: Called Strike
0-2: Ball
1-2: Strikes out swinging
Batting: SHB Ian Thompson 0-0: Foul Ball, location: 2F
0-1: Swinging Strike
0-2: Ball
1-2: Strikes out looking
Bottom of the 3rd over - 0 runs, 0 hits, 0 errors, 0 left on base; Nashville 0 - Rochester 0
TOP OF THE 4TH
Nashville Sounds batting - Pitching for Rochester Red Wings : RHP Bryan Hallman
Batting: LHB Tomas Segarra 0-0: Ground out 6-3 (Groundball, 6, EV 108.1 MPH)
Batting: RHB Wade Diamond 0-0: Called Strike
0-1: Foul Ball, location: 2F
0-2: Ball
1-2: Ball
2-2: Ball
3-2: Fly out, F8 (Flyball, 8RM, EV 81.9 MPH)
Batting: RHB Ryan Kinkead 0-0: Foul Ball, location: 2F
0-1: Ball
1-1: SINGLE (Groundball, 34S, EV 68.1 MPH) (infield hit)
Batting: LHB Zachary DeLuca 0-0: Ball
1-0: Swinging Strike
1-1: Foul Ball, location: 2F
1-2: Fly out, F9 (Flyball, 9D, EV 81.9 MPH)
Top of the 4th over - 0 runs, 1 hit, 0 errors, 1 left on base; Nashville 0 - Rochester 0
BOTTOM OF THE 4TH
Rochester Red Wings batting - Pitching for Nashville Sounds : RHP Danny Nsoah
Batting: LHB Chris Munguia 0-0: Ball
1-0: Foul Ball, location: 2F
1-1: Swinging Strike
1-2: Ball
2-2: Ball
3-2: SINGLE (Groundball, 3S, EV 63.8 MPH) (infield hit)
Batting: SHB Dan Morataya 0-0: Called Strike
0-1: Ball
1-1: Swinging Strike
1-2: Strikes out swinging
Batting: RHB Juan Espinoza 0-0: Called Strike
Chris Munguia is caught stealing 2nd base 2-4
0-1: Ground out 4-3 (Groundball, 4, EV 95.6 MPH)
Bottom of the 4th over - 0 runs, 1 hit, 0 errors, 0 left on base; Nashville 0 - Rochester 0
TOP OF THE 5TH
Nashville Sounds batting - Pitching for Rochester Red Wings : RHP Bryan Hallman
Batting: LHB Gregg Power 0-0: Ball
1-0: Swinging Strike
1-1: Ball
2-1: Foul Ball, location: 2F
2-2: Ground out 5-3 (Groundball, 56, EV 77.5 MPH)
Batting: SHB Robert Santiago 0-0: Ball
1-0: Ground out 5-3 (Groundball, 56S, EV 91.2 MPH)
Batting: RHB Yonetoshi Muranaka 0-0: Ball
1-0: SINGLE (Groundball, 4MS, EV 71.2 MPH) (infield hit)
Batting: RHB Tim Cordle 0-0: Ball
1-0: Called Strike
1-1: Ball
2-1: Ground out 4-3 (Groundball, 4, EV 106.9 MPH)
Top of the 5th over - 0 runs, 1 hit, 0 errors, 1 left on base; Nashville 0 - Rochester 0
BOTTOM OF THE 5TH
Rochester Red Wings batting - Pitching for Nashville Sounds : RHP Danny Nsoah
Batting: SHB Manny Molina 0-0: Called Strike
0-1: Foul Ball, location: 2F
0-2: Ball
1-2: Foul Ball, location: 2F
1-2: Foul Ball, location: 2F
1-2: Ball
2-2: Foul Ball, location: 2F
2-2: Ball
3-2: Base on Balls
Batting: RHB Manuel Juarez 0-0: Ball
1-0: Ball
2-0: Foul Ball, location: 2F
2-1: Ground out 5-3 (Groundball, 56, EV 84.4 MPH)
Manny Molina to second
Batting: RHB Ryan Gautney 0-0: Swinging Strike
0-1: Ball
1-1: Ball
2-1: Swinging Strike
2-2: Foul Ball, location: 2F
2-2: Strikes out swinging
Batting: RHB Ratko Macura 0-0: Ball
1-0: Ball
2-0: Fly out, F7 (Flyball, 7S, EV 85.6 MPH)
Bottom of the 5th over - 0 runs, 0 hits, 0 errors, 1 left on base; Nashville 0 - Rochester 0
TOP OF THE 6TH
Nashville Sounds batting - Pitching for Rochester Red Wings : RHP Bryan Hallman
Batting: RHB David Herrera 0-0: Called Strike
0-1: Foul Ball, location: 2F
0-2: Ground out U3 (Groundball, 23, EV 85.0 MPH)
Batting: LHB Tomas Segarra 0-0: Ball
1-0: Ball
2-0: Ball
3-0: Called Strike
3-1: Base on Balls
Batting: RHB Wade Diamond 0-0: Ball
1-0: Ball
2-0: Called Strike
2-1: Ball
3-1: Called Strike
3-2: Ground out 4-3 (Groundball, 4, EV 101.2 MPH)
Tomas Segarra to second
Batting: RHB Ryan Kinkead 0-0: Ball
1-0: Ball
2-0: Ball
3-0: Called Strike
3-1: Base on Balls
Batting: LHB Zachary DeLuca 0-0: Ball
1-0: Called Strike
1-1: Ground out 4-3 (Groundball, 34D, EV 85.0 MPH)
Top of the 6th over - 0 runs, 0 hits, 0 errors, 2 left on base; Nashville 0 - Rochester 0
BOTTOM OF THE 6TH
Rochester Red Wings batting - Pitching for Nashville Sounds : RHP Danny Nsoah
Batting: RHB Cyril Husson 0-0: Called Strike
0-1: Called Strike
0-2: Strikes out swinging
Batting: SHB Ian Thompson 0-0: Ball
1-0: Ball
2-0: Swinging Strike
2-1: Ball
3-1: Called Strike
3-2: Base on Balls
Batting: LHB Chris Munguia 0-0: Foul Ball, location: 2F
0-1: Fielders Choice at 2nd, 1-4 (Groundball, 15S, EV 73.1 MPH)
Batting: SHB Dan Morataya 0-0: Ball
Chris Munguia steals 2nd base
1-0: Ball
2-0: Ball
3-0: Base on Balls
Batting: RHB Juan Espinoza 0-0: Ground out 1-3 (Groundball, 15S, EV 69.4 MPH)
Bottom of the 6th over - 0 runs, 0 hits, 0 errors, 2 left on base; Nashville 0 - Rochester 0
TOP OF THE 7TH
Nashville Sounds batting - Pitching for Rochester Red Wings : RHP Bryan Hallman
Pitching: RHP Matt Springer
Batting: LHB Gregg Power 0-0: Called Strike
0-1: Foul Ball, location: 2F
0-2: Foul Ball, location: 2F
0-2: Ball
1-2: Foul Ball, location: 2F
1-2: Ball
2-2: Foul Ball, location: 2F
2-2: Ball
3-2: Fly out, F5 (Line Drive, 6, EV 69.4 MPH)
Batting: SHB Robert Santiago 0-0: Called Strike
0-1: Ground out 6-3 (Groundball, 6, EV 102.5 MPH)
Batting: RHB Yonetoshi Muranaka 0-0: Called Strike
0-1: Ball
1-1: Ball
2-1: Ball
3-1: Foul Ball, location: 2F
3-2: Fly out, F7 (Flyball, 7, EV 85.0 MPH)
Top of the 7th over - 0 runs, 0 hits, 0 errors, 0 left on base; Nashville 0 - Rochester 0
BOTTOM OF THE 7TH
Rochester Red Wings batting - Pitching for Nashville Sounds : RHP Danny Nsoah
Batting: SHB Manny Molina 0-0: Called Strike
0-1: Ball
1-1: Ball
2-1: SINGLE (Line Drive, 56, EV 98.1 MPH)
Batting: RHB Manuel Juarez 0-0: Ball
Manny Molina steals 2nd base
1-0: Ball
2-0: Bunt missed!
2-1: Bunted foul
2-2: Ball
3-2: Strikes out looking
Pitching: RHP A.J. Marston
Batting: RHB Ryan Gautney 0-0: Ground out 6-3 (Groundball, 6, EV 80.0 MPH)
Manny Molina to third
Batting: RHB Ratko Macura 0-0: Swinging Strike
0-1: Ball
1-1: Ball
2-1: Foul Ball, location: 2F
2-2: Ball
3-2: Base on Balls
Batting: RHB Cyril Husson 0-0: Foul Ball, location: 2F
0-1: Ball
1-1: Ball
2-1: Foul Ball, location: 2F
2-2: Ball
3-2: Foul Ball, location: 2F
3-2: Base on Balls
Ratko Macura to second
Batting: SHB Ian Thompson 0-0: Ball
1-0: Foul Ball, location: 2F
1-1: Fielders Choice at 2nd, 6-4 (Groundball, 6, EV 101.9 MPH)
Bottom of the 7th over - 0 runs, 1 hit, 0 errors, 3 left on base; Nashville 0 - Rochester 0
TOP OF THE 8TH
Nashville Sounds batting - Pitching for Rochester Red Wings : RHP Matt Springer
Batting: RHB Tim Cordle 0-0: Ball
1-0: Called Strike
1-1: Ball
2-1: Ground out 1-3 (Groundball, 13, EV 73.1 MPH)
Batting: RHB David Herrera 0-0: Ball
1-0: Ball
2-0: Ball
3-0: Base on Balls
Batting: LHB Tomas Segarra 0-0: Called Strike
David Herrera steals 2nd base
0-1: Swinging Strike
0-2: Foul Ball, location: 2F
0-2: SINGLE (Groundball, 56S, EV 72.5 MPH) (infield hit)
David Herrera to third
Pinch Hitting: LHB Ben Goldstein 0-0: Swinging Strike
0-1: Foul Ball, location: 2F
0-2: Strikes out swinging
Batting: RHB Ryan Kinkead 0-0: Foul Ball, location: 2F
0-1: Ball
1-1: Swinging Strike
1-2: Ball
2-2: Ball
3-2: Base on Balls
Tomas Segarra to second
Pitching: LHP Brian Walters
Pinch Hitting: RHB Bill Cabrera 0-0: Ball
1-0: Ball
2-0: Ball
Wild Pitch!
David Herrera scores
Tomas Segarra to third
Ryan Kinkead to second
3-0: SINGLE (Groundball, 56D, EV 108.1 MPH)
Tomas Segarra scores
Ryan Kinkead to third
Runner from 3rd tries for Home, SAFE, throw by LF to home
Batting: LHB Gregg Power 0-0: Ball
1-0: Fly out, F2 (Popup, 5SF, EV 90.6 MPH)
Top of the 8th over - 3 runs, 2 hits, 0 errors, 1 left on base; Nashville 3 - Rochester 0
BOTTOM OF THE 8TH
Rochester Red Wings batting - Pitching for Nashville Sounds : RHP A.J. Marston
Now in LF: Scott Wiggs
Now in RF: Bill Cabrera
Batting: LHB Chris Munguia 0-0: Ball
1-0: Ball
2-0: Called Strike
2-1: Foul Ball, location: 2F
2-2: Foul Ball, location: 2F
2-2: Strikes out swinging passed ball, reaches first!
Batting: SHB Dan Morataya 0-0: Called Strike
0-1: Ball
1-1: Ball
2-1: Fly out, F7 (Flyball, 78M, EV 81.9 MPH)
Batting: RHB Juan Espinoza 0-0: Called Strike
0-1: Ball
Wild Pitch!
Chris Munguia to second
1-1: Called Strike
1-2: Foul Ball, location: 2F
1-2: Ball
2-2: Ball
3-2: Base on Balls
Batting: SHB Manny Molina 0-0: Called Strike
0-1: Ball
1-1: Ball
2-1: Foul Ball, location: 2F
2-2: Ball
3-2: Base on Balls
Chris Munguia to third
Juan Espinoza to second
Batting: RHB Manuel Juarez 0-0: Called Strike
0-1: Swinging Strike
0-2: Foul Ball, location: 2F
0-2: Ball
1-2: Strikes out swinging
Pitching: RHP Jesus Gonzales
Batting: RHB Ryan Gautney 0-0: Ball
1-0: Ground out 5-3 (Groundball, 56S, EV 78.1 MPH)
Bottom of the 8th over - 0 runs, 0 hits, 0 errors, 3 left on base; Nashville 3 - Rochester 0
TOP OF THE 9TH
Nashville Sounds batting - Pitching for Rochester Red Wings : LHP Brian Walters
Batting: SHB Robert Santiago 0-0: Foul Ball, location: 2F
0-1: Ball
1-1: Foul Ball, location: 2F
1-2: Ball
2-2: Ground out U3 (Groundball, 3, EV 81.2 MPH)
Batting: RHB Yonetoshi Muranaka 0-0: Ball
1-0: SINGLE (Groundball, 6D, EV 108.1 MPH)
Batting: RHB Tim Cordle 0-0: Swinging Strike
0-1: Ball
1-1: Fly out, F8 (Flyball, 8RM, EV 88.8 MPH)
Batting: RHB David Herrera 0-0: Ball
1-0: Ball
2-0: Called Strike
2-1: Foul Ball, location: 2F
2-2: Foul Ball, location: 2F
2-2: Strikes out swinging
Top of the 9th over - 0 runs, 1 hit, 0 errors, 1 left on base; Nashville 3 - Rochester 0
BOTTOM OF THE 9TH
Rochester Red Wings batting - Pitching for Nashville Sounds : RHP Jesus Gonzales
Pitching: RHP Kevin Endsley
Batting: RHB Ratko Macura 0-0: Called Strike
0-1: Called Strike
0-2: Strikes out swinging
Batting: RHB Cyril Husson 0-0: Called Strike
0-1: Foul Ball, location: 2F
0-2: Fly out, F9 (Flyball, 89S, EV 88.8 MPH)
Batting: SHB Ian Thompson 0-0: Ball
1-0: Called Strike
1-1: Ball
2-1: Called Strike
2-2: Ground out 6-3 (Groundball, 6MD, EV 102.5 MPH)
Bottom of the 9th over - 0 runs, 0 hits, 0 errors, 0 left on base; Nashville 3 - Rochester 0
Tuesday, March 28th , 2023 - OOTP Baseball 23.10 Build 110